 Dungeon Crawl Stone Soup version 0.28-a0-861-ge64d6db94f (webtiles) character file.

Game seed: 10209080811401130401

43 Crownlay the Insei (level 3, -2/23 HPs)
             Began as an Octopode Transmuter on Nov 14, 2021.
             Slain by Jessica (11 damage)
             ... on level 2 of the Dungeon on Nov 15, 2021.
             The game lasted 00:02:10 (1556 turns).

Crownlay the Insei (Octopode Transmuter)            Turns: 1556, Time: 00:02:11

Health: -2/23      AC:  8    Str:  9    XL:     3   Next: 58%
Magic:  6/6        EV: 13    Int: 16    God:
Gold:   75         SH:  0    Dex: 12    Spells: 5/6 levels left

rFire   . . .      SeeInvis .   a - +2 dagger (protect)
rCold   . . .      Faith    .   (no shield)
rNeg    . . .      Spirit   .   (helmet restricted)
rPois   .          Reflect  .   (no amulet)
rElec   .          Harm     .   (no ring)
rCorr   .          Rampage  .   (no ring)
Will    .....                   (no ring)
Stlth   +++.......              (no ring)
HPRegen 0.07/turn               (no ring)
MPRegen 0.10/turn               (no ring)
                                (no ring)
                                (no ring)

@: under a protective aura
A: almost no armour, amphibious, 8 rings, camouflage 1, gelatinous body 1,
(nimble swimmer 1), tentacles
a: no special abilities


You were on level 2 of the Dungeon.
You visited 1 branch of the dungeon, and saw 2 of its levels.

You collected 75 gold pieces.

Inventory:

Hand Weapons
 a - a +2 dagger of protection (weapon)
Wands
 h - a wand of paralysis (4)
Scrolls
 b - a scroll of amnesia {unknown}
 c - a scroll of fog {unknown}
 d - a scroll of identify {unknown}
 f - a scroll of teleportation {unknown}
 g - a scroll of noise {unknown}
Potions
 e - a potion of attraction {unknown}
 i - a potion of curing {unknown}


   Skills:
 - Level 1.0 Fighting
 - Level 2.0 Dodging
 * Level 3.0 Stealth
 - Level 3.3 Unarmed Combat
 - Level 2.0 Spellcasting
 + Level 2.7 Transmutations


You had 5 spell levels left.
You knew the following spells:

 Your Spells              Type           Power      Damage    Failure   Level
a - Beastly Appendage     Tmut           20%        N/A       7%          1

Your spell library contained the following spells:

 Spells                   Type           Power      Damage    Failure   Level
 Wereblood                Tmut           10%        N/A       11%         2
 Spider Form              Tmut/Pois      5%         N/A       34%         3
 Ice Form                 Ice/Tmut       5%         N/A       75%         4


Dungeon Overview and Level Annotations

Branches:
Dungeon (2/15)

Altars:

Annotations:
D:2 Jessica


Innate Abilities, Weirdness & Mutations

You cannot wear most types of armour.
You are amphibious.
You can wear up to eight rings at the same time.
Your skin changes colour to match your surroundings (Stealth+).
Your rubbery body absorbs attacks. (AC +1, EV +1)
((You are camouflaged near water. (Stealth+)))
You have tentacles for arms and can constrict up to eight enemies at once.


Message History

You are too injured to fight recklessly!
You are too injured to fight recklessly!
You are too injured to fight recklessly!
You are too injured to fight recklessly!
You are too injured to fight recklessly!
You are too injured to fight recklessly!
You are too injured to fight recklessly!
You are too injured to fight recklessly!
You are too injured to fight recklessly!
You are too injured to fight recklessly!
You are too injured to fight recklessly!
You are too injured to fight recklessly!
You closely miss Jessica. Your grab misses Jessica.
You squeeze Jessica, but do no damage. Jessica casts a spell at you.
You barely resist. The bat hits you.
Jessica points at you and mumbles some strange words.
You barely resist. The bat hits you but does no damage. The bat hits you.
The bat barely misses you.
You barely miss the bat. Your grab misses the bat. You squeeze the bat.
You kill the bat!
You hit the rat.
Your weapon exudes an aura of protection.
Your grab misses the rat. You squeeze the rat.
You kill the rat!
You hit Jessica. Your grab misses Jessica. Your squeeze misses Jessica.
Jessica is moderately wounded.
Jessica mumbles some strange words.
Jessica blinks!
You hit Jessica but do no damage. Your grab misses Jessica.
Jessica is moderately wounded.
Jessica closely misses you.
You hit Jessica but do no damage. You grab Jessica.
You squeeze Jessica, but do no damage.
Jessica is moderately wounded.
You constrict Jessica. Jessica hits you with a +8 club!
You die...

#........# #.+...##†
#........# #.#...##.
#....)...# #...#.###
#...@....#######.#.#..
#........##........#..
######..##.....#.###..
#..>##..........##
#@####...........# #@#
#...........# #.#
#...........#
######.####.....#####.#
#................# #.#
#.##+#######.....# #.#
#.#........#.....# #..
##.#........#.....# ###
#..#........#.....#
#..#...†....#.....######


You could see Jessica.

Vanquished Creatures
  An adder (D:2)
  A dart slug (D:2)
  6 endoplasms
  2 goblins
  4 jackals (D:1)
  5 kobolds
  2 quokkas
  5 ball pythons
  3 bats
  2 rats
31 creatures vanquished.

Notes
Turn   | Place    | Note
-------+----------+-------------------------------------------
     0 | D:1      | Crownlay the Octopode Transmuter began the quest for the
                  | Orb.
     0 | D:1      | Reached XP level 1. HP: 13/13 MP: 3/3
   618 | D:1      | Reached XP level 2. HP: 16/18 MP: 5/5
   887 | D:1      | Found a faded altar of an unknown god.
   917 | D:1      | Reached skill level 1 in Stealth
  1339 | D:2      | Reached XP level 3. HP: 23/23 MP: 6/6
  1339 | D:2      | Upgraded the game from 0.28-a0-851-g8b9cc49659 to
                  | 0.28-a0-861-ge64d6db94f
  1538 | D:2      | Noticed Jessica
  1556 | D:2      | Slain by Jessica

Illustrated notes

Levels and vault maps discovered:
D:1:      roderic_dead_forest, layout_loops_cross,
          hellmonk_ecumenical_altar_zigzags
D:2:      layout_basic, dk_noncrumbling_2, grunt_ministairs_14, minivault_25,
          uniq_jessica

Skill      XL: |  1  2  3 |
---------------+----------+-----
Stealth        | 2 3 |  3.0
Fighting       | |  1.0
Dodging        | |  2.0
Unarmed Combat | |  3.3
Spellcasting   | |  2.0
Transmutations | |  2.7

Action                   || total
-------------------------++-------
Melee: Unarmed           ||    11
       Dagger            ||    51
       Constrict         ||    15
       Tentacles         ||    20
       Kick              ||     1
 Cast: Beastly Appendage ||     4
 Stab: Sleeping          ||     8
Armor: Skin              ||    16
Dodge: Dodged            ||    43

Table legend: (Time is in decaauts)
 A = Elapsed time spent in this place.
 B = Non-inter-level travel time spent in this place.
 C = Inter-level travel time spent in this place.
 D = Time resting spent in this place.
 E = Time spent auto-exploring this place.
 F = Levels seen in this place.
 G = Mean time per level.
                   A        B        C        D        E       F      G
               +--------+--------+--------+--------+--------+-----+--------+
         Total |   1554 |   1537 |     17 |      0 |   1332 |   2 |  777.0 |
       Dungeon |   1554 |   1537 |     17 |      0 |   1332 |   2 |  777.0 |
               +--------+--------+--------+--------+--------+-----+--------+

Top non-repeatable levels by time:
     D:1: 1318 daAuts
     D:2: 235 daAuts
